 Dungeon Crawl Stone Soup version 0.31.0-12-g77e489cdc1 (webtiles) character file.

Game seed: 5541500951938290785

758 PriceMaster the Conjurer (level 7, 0/43 HPs)
             Began as an Octopode Conjurer on Feb 25, 2024.
             Killed from afar by an orc wizard (10 damage)
             ... with a puff of flame
             ... on level 4 of the Dungeon on Feb 27, 2024.
             The game lasted 00:08:21 (4630 turns).

PriceMaster the Conjurer (Octopode Conjurer)        Turns: 4630, Time: 00:08:21

Health: 0/43       AC:  1    Str:  6    XL:     7   Next: 80%
Magic:  0/14       EV: 18    Int: 23    God:
Gold:   156        SH:  0    Dex: 10    Spells: 5/15 levels left

rFire   . . .        a - +4 dagger
rCold   . . .        (no shield)
rNeg    . . .        (helmet restricted)
rPois   .            (no amulet)
rElec   .            h - +5 ring of evasion
rCorr   .            (no ring)
SInv    .            (no ring)
Will    .....        (no ring)
Stlth   +++          (no ring)
HPRegen 0.27/turn    (no ring)
MPRegen 0.14/turn    (no ring)
                     (no ring)

%: no passive effects
@: about to teleport
A: almost no armour, amphibious, 8 rings, camouflage 1, gelatinous body 1,
(nimble swimmer 1), tentacles
a: no special abilities


You were on level 4 of the Dungeon.
You visited 1 branch of the dungeon, and saw 4 of its levels.

You collected 156 gold pieces.

Inventory:

Hand Weapons
 a - a +4 dagger (weapon)
 c - a +0 short sword
Jewellery
 e - a ring of willpower
 h - a +5 ring of evasion (left tentacle)
Wands
 l - a wand of polymorph (13)
Scrolls
 b - 2 scrolls of enchant armour {unknown}
 g - a scroll of summoning {unknown}
 i - 3 scrolls of noise {unknown}
 j - a scroll of enchant weapon {unknown}
 k - a scroll of revelation {unknown}
 m - a scroll of vulnerability {unknown}
 n - a scroll of identify {unknown}
Potions
 d - 2 potions of curing
 o - a potion of degeneration {unknown}


   Skills:
 + Level 1.5 Fighting
 + Level 1.4 Short Blades
 + Level 2.6 Dodging
 + Level 4.4 Stealth
 + Level 4.8 Spellcasting
 + Level 5.7 Conjurations
 + Level 1.7 Hexes
 + Level 0.7 Translocations
 + Level 2.1 Fire Magic


You had 5 spell levels left.
You knew the following spells:

 Your Spells              Type           Power      Damage    Failure   Level
a - Magic Dart            Conj           100%       1d8       1%          1
b - Searing Ray           Conj           64%        2d6       1%          2
c - Inner Flame           Hex/Fire       14%        N/A       13%         3
d - Iskenderun's Mystic   Conj/Tloc      20%        2d6       26%         4

Your spell library contained the following spells:

 Spells                   Type           Power      Damage    Failure   Level
 Blink                    Tloc           16%        N/A       11%         2
 Call Imp                 Summ           10%        N/A       14%         2
 Fugue of the Fallen      Necr           5%         N/A       28%         3
 Ozocubu's Armour         Ice            5%         N/A       28%         3
 Fulminant Prism          Conj/Alch      9%         3d6       28%         4
 Manifold Assault         Tloc           8%         N/A       58%         4
 Irradiate                Conj/Alch      9%         3d14      63%         5
 Ignition                 Fire           7%         3d5       100%        8


Dungeon Overview and Level Annotations

Branches:
Dungeon (4/15)
 Temple: D:4-7

Altars:


Innate Abilities, Weirdness & Mutations

You cannot wear most types of armour.
You are amphibious.
You can wear up to eight rings at the same time.
Your skin changes colour to match your surroundings (Stealth+).
Your rubbery body absorbs attacks. (AC +1, EV +1)
((You are camouflaged when in or above water. (Stealth+)))
You have tentacles for arms and can constrict up to eight enemies at once.


Message History

The orc priest begins to cast a cantrip, but forgets the words!
An orc priest comes into view. It is wielding a +0 hand axe.
You barely miss something.
You hear some strange, mumbled words.
Something tries to affect you, but you resist.
Okay, then.
Okay, then.
As you read the scroll of teleportation, it crumbles to dust.
You feel strangely unstable.
The orc priest shouts!
Something closely misses you.
Okay, then.
Casting: Magic Dart (safe; 1% risk of failure)
Confirm with . or Enter, or press ? or * to list all spells.
Aiming: Magic Dart (safe; 1% risk of failure)
Press: ? - help, Shift-Dir - straight line, f - orc priest
Aim: an orc priest, wielding a +0 club and wearing a +0 leather armour (100% to hit)
The magic dart hits the orc priest.
The orc priest is moderately wounded.
The orc priest completely misses you. Something barely misses you.
You barely miss the orc priest.
The orc shouts!
Your grab misses the orc priest. Your squeeze misses the orc priest.
The orc priest is moderately wounded.
The orc priest completely misses you.
You closely miss the orc priest. You grab the orc priest.
The orc priest is moderately wounded.
You constrict the orc priest. The orc priest hits you with a +0 club.
Something hits you.
You hit the orc priest.
You squeeze the orc priest, but do no damage.
The orc priest is moderately wounded.
You constrict the orc priest. The orc priest barely misses you.
The orc priest mumbles some strange prayers to Beogh against you.
Beogh smites you!
* * * LOW HITPOINT WARNING * * *
You hear some strange, mumbled words.
A puff of flame appears from out of thin air!
The puff of flame hits you!
You die...

#.......#..#
#####.))######>.
#..........# ...
#......o...#
....
#.....)....#
#..........#
#......o...#
#.....o....#
#.....{@...#
#..........#
#..........#
#..........#
#..........#
############


You could see 2 orc priests and an orc.

Vanquished Creatures
  The ghost of Lhightning the Shooter, an amateur FoHu (D:3)
  Sigmund (D:3)
  A scorpion (D:4)
  A howler monkey (D:2)
  Ijyb (D:3)
  Natasha (thrice) (D:3)
  An orc wizard (D:4)
  6 adders
  2 ribbon worms (D:2)
  A dart slug (D:1)
  14 orcs
  5 ball pythons
  11 endoplasms
  A giant cockroach (D:4)
  12 goblins
  9 hobgoblins
  4 quokkas
  11 bats
  7 kobolds
  8 rats
100 creatures vanquished.

Notes
Turn   | Place    | Note
-------+----------+-------------------------------------------
     0 | D:1      | PriceMaster the Octopode Conjurer began the quest for the
                  | Orb.
     0 | D:1      | Reached XP level 1. HP: 11/11 MP: 3/3
   279 | D:1      | Reached XP level 2. HP: 10/17 MP: 0/5
   282 | D:1      | Learned a level 2 spell: Searing Ray
   722 | D:1      | Reached XP level 3. HP: 10/21 MP: 2/6
  1361 | D:2      | Learned a level 3 spell: Inner Flame
  1419 | D:2      | Reached XP level 4. HP: 27/27 MP: 0/8
  2034 | D:2      | Reached XP level 5. HP: 31/31 MP: 0/9
  2694 | D:2      | Learned a level 4 spell: Iskenderun's Mystic Blast
  2828 | D:3      | Noticed Natasha
  2862 | D:3      | Killed Natasha
  2863 | D:3      | Reached skill level 5 in Conjurations
  2944 | D:3      | Noticed Natasha
  2956 | D:3      | Killed Natasha
  3014 | D:3      | Noticed Ijyb
  3034 | D:3      | Killed Ijyb
  3035 | D:3      | Reached skill level 1 in Fire Magic
  3040 | D:3      | Noticed Natasha
  3044 | D:3      | Reached XP level 6. HP: 25/36 MP: 1/11
  3047 | D:3      | Killed Natasha
  3358 | D:3      | Found a runed translucent door.
  3593 | D:3      | Noticed Sigmund
  3596 | D:3      | Killed Sigmund
  3597 | D:3      | Reached skill level 1 in Short Blades
  3597 | D:3      | Reached skill level 1 in Hexes
  3600 | D:3      | Noticed Lhightning's ghost (amateur FoHu)
  3675 | D:3      | Reached skill level 1 in Fighting
  3675 | D:3      | Reached XP level 7. HP: 43/43 MP: 4/13
  3690 | D:3      | Killed Lhightning's ghost
  4630 | D:4      | Killed from afar by an orc wizard

Illustrated notes

Levels and vault maps discovered:
D:1:      lordsloth_arrival_two_stooges, layout_loops_corners, hex_tiny,
          minivault_11, serial_bayou_lagoon_a, reono_crystal_passage
D:2:      minmay_recursive_quarters, layout_loops_ring, st_stairs_13,
          kennysheep_generic_room_6
D:3:      layout_rooms, ebering_ghost_sewer_d, minivault_25, uniq_natasha,
          uniq_sigmund, uniq_ijyb
D:4:      layout_basic

Skill      XL: |  1  2  3  4  5  6  7 |
---------------+----------------------+-----
Stealth        | 3 4 |  4.4
Spellcasting   | 3 4 |  4.8
Conjurations   | 5 |  5.7
Fire Magic     | 1 2 |  2.1
Short Blades   | 1 |  1.4
Hexes          | 1 |  1.7
Fighting       | 1 |  1.5
Dodging        | |  2.6
Translocations | |  0.7

Action                     |  1- 3 |  4- 6 |  7- 9 || total
---------------------------+-------+-------+-------++-------
  Melee: Unarmed           |     4 |       |       ||     4
         Tentacles         |     2 |     3 |     1 ||     6
         Short sword       |     5 |       |       ||     5
         Constrict         |     1 |     5 |     1 ||     7
         Punch             |     1 |       |       ||     1
         Dagger            |     4 |    21 |    21 ||    46
   Cast: Magic Dart        |    36 |    66 |    29 ||   131
         Searing Ray       |     5 |     7 |     2 ||    14
         Inner Flame       |       |     8 |    10 ||    18
         Iskenderun's Myst |       |     2 |     1 ||     3
    Use: Potion            |     1 |     4 |       ||     5
         Scroll            |     1 |       |     2 ||     3
   Stab: Sleeping          |     1 |       |       ||     1
 Armour: Skin              |     4 |    24 |    23 ||    51
  Dodge: Dodged            |    10 |    21 |    13 ||    44
